 Dungeon Crawl Stone Soup version 0.26-a0-6-g448add79b7 (webtiles) character file.

Game seed: 9124558335435760737, levelgen mode: deterministic

224 Essalna the Firebug (level 6, 0/45 HPs)
             Began as a Hill Orc Fire Elementalist on May 24, 2020.
             Slain by an orc priest (4 damage)
             ... while paralysed by Grinder
             ... on level 3 of the Dungeon.
             The game lasted 00:10:05 (3583 turns).

Essalna the Firebug (Hill Orc Fire Elementalist)    Turns: 3583, Time: 00:10:05

Health: 0/45       AC:  2    Str: 10 (11) XL:     6   Next: 0%
Magic:  1/10       EV:  2    Int: 16 (17) God:
Gold:   123        SH:  0    Dex:  8 (11) Spells: 9/10 levels left

rFire    . . .     SeeInvis .   t - +1 short sword (elec)
rCold    . . .     Gourm    .   (no shield)
rNeg     . . .     Faith    .   a - +0 robe
rPois    .         Spirit   .   (no helmet)
rElec    .         Reflect  .   (no cloak)
rCorr    +         Harm     .   (no gloves)
MR       .....                  (no boots)
Stlth    +.........             (no amulet)
HPRegen  0.15/turn              p - ring of resist corrosion
MPRegen  0.12/turn              (no ring)

@: paralysed, very slightly contaminated, invisible
A: no striking features
a: no special abilities


You were on level 3 of the Dungeon.
You were not hungry.

You visited 1 branch of the dungeon, and saw 3 of its levels.

You collected 123 gold pieces.

Inventory:

Hand Weapons
 b - a +0 dagger
 n - a +0 dagger of draining
 t - a +1 short sword of electrocution (weapon)
Armour
 a - a +0 robe (worn)
Jewellery
 p - a ring of resist corrosion (left hand)
Scrolls
 f - 3 scrolls of remove curse {unknown}
 h - a scroll of enchant weapon {unknown}
 i - a scroll of identify {unknown}
 j - a scroll of blinking {unknown}
 k - 2 scrolls of teleportation {unknown}
 m - 3 scrolls of enchant armour {unknown}
 r - a scroll of immolation {unknown}
 u - a scroll of magic mapping {unknown}
Potions
 l - a potion of mutation {unknown}
 o - a potion of stabbing {unknown}
 q - a potion of berserk rage {unknown}
 v - a potion of haste {unknown}
Comestibles
 c - 7 rations
 s - 5 chunks of flesh


   Skills:
 - Level 1.5 Dodging
 - Level 1.5 Stealth
 + Level 2.9 Spellcasting
 + Level 3.3 Conjurations
 + Level 4.9 Fire Magic


You had 9 spell levels left.
You knew the following spells:

 Your Spells              Type           Power        Failure   Level  Hunger
a - Foxfire               Conj/Fire      ###.         3%          1    #......

Your spell library contained the following spells:

 Spells                   Type           Power        Failure   Level  Hunger
 Conjure Flame            Conj/Fire      ###.....     11%         3    ###....
 Inner Flame              Hex/Fire       ##......     21%         3    ###....
 Sticky Flame             Conj/Fire      ###.....     34%         4    #####..
 Fireball                 Conj/Fire      ###.......   67%         5    ######.


Dungeon Overview and Level Annotations

Branches:
Dungeon (3/15)

Altars:
Cheibriados

Annotations:
D:3 2 transporters, Grinder


Message History

Grinder shouts!
You hit the orc priest but do no damage.
Grinder gestures at you.
You suddenly lose the ability to move!
An orc priest comes into view. It is wielding a +0 trident.
The hobgoblin hits you with a +0 club.
* * * LOW HITPOINT WARNING * * *
The orc priest hits you.
* * * LOW HITPOINT WARNING * * *
The orc priest shouts!
The hobgoblin hits you with a +0 club.
* * * LOW HITPOINT WARNING * * *
The orc priest hits you.
* * * LOW HITPOINT WARNING * * *
The hobgoblin hits you but does no damage.
Grinder blinks!
The orc priest hits you.
* * * LOW HITPOINT WARNING * * *
The hobgoblin hits you but does no damage.
The orc priest hits you.
You die...

## .# .# .# #
# .# #
#.###g#####.
####
#$..@)..))o.
.. #...
####o######...
.... #.# .o
#.## #.#
####..
#####.###.....
#............#
#.###.###.####
#.# #.# #.#
##.###.# #.#


You could see 2 orc priests and a hobgoblin.

Vanquished Creatures
  An orc priest (D:3)
  2 orc wizards (D:3)
  3 adders
  3 gnolls (D:2)
  An ooze (D:1)
  A worm (D:2)
  2 dart slugs (D:2)
  2 leopard geckos (D:2)
  5 orcs (D:3)
  4 giant cockroaches
  6 hobgoblins
  9 jackals
  8 kobolds
  A quokka (D:2)
  8 bats
  4 frilled lizards
  6 goblins
  3 rats
69 creatures vanquished.

Vanquished Creatures (collateral kills)
  A hobgoblin (D:1)
  A frilled lizard (D:2)
2 creatures vanquished.

Vanquished Creatures (others)
  205 foxfires
205 creatures vanquished.

Grand Total: 276 creatures vanquished

Notes
Turn   | Place    | Note
-------+----------+-------------------------------------------
     0 | D:1      | Essalna the Hill Orc Fire Elementalist began the quest for
                  | the Orb.
     0 | D:1      | Reached XP level 1. HP: 14/14 MP: 3/3
   385 | D:1      | Reached XP level 2. HP: 20/20 MP: 0/4
  1059 | D:1      | Reached XP level 3. HP: 26/26 MP: 2/6
  1444 | D:2      | Found a snail-covered altar of Cheibriados.
  1658 | D:2      | Reached skill level 4 in Fire Magic
  1910 | D:2      | Reached XP level 4. HP: 30/33 MP: 3/7
  2807 | D:2      | Reached XP level 5. HP: 38/38 MP: 4/8
  2950 | D:3      | Found a transporter.
  2973 | D:3      | Found a transporter.
  3575 | D:3      | Reached XP level 6. HP: 24/45 MP: 0/10
  3576 | D:3      | Noticed Grinder
  3579 | D:3      | Paralysed by Grinder for 7 turns
  3583 | D:3      | Slain by an orc priest

Illustrated notes

Levels and vault maps discovered:
D:1:      minmay_arrival_cross, layout_basic, minmay_misc_feat_roman,
          serial_park_tiny_1
D:2:      layout_basic, kennysheep_slug_shrine, first_ration, minivault_11
D:3:      gammafunk_steamed_eel, layout_loops_ring, uniq_grinder

Skill      XL: |  1  2  3  4  5 |
---------------+----------------+-----
Spellcasting   | 2 |  2.9
Conjurations   | 2 3 |  3.3
Fire Magic     | 4 |  4.9
Dodging        | |  1.5
Stealth        | |  1.5

Action                   |  1- 3 |  4- 6 || total
-------------------------+-------+-------++-------
Melee: Dagger            |    30 |    11 ||    41
       Short sword       |       |    10 ||    10
 Cast: Foxfire           |    72 |    73 ||   145
  Use: Potion            |       |     3 ||     3
  Eat: Chunk             |     4 |     6 ||    10
Armor: Robe              |    30 |    10 ||    40
Dodge: Dodged            |    51 |    16 ||    67

Table legend:
 A = Non-vault XP
 B = Vault XP
 C = Vault XP percentage of total XP
 D = Non-vault monster count
 E = Vault monster count
 F = Vault count percentage of total count
                 A         B        C        D         E       F
            +---------+---------+-------+---------+---------+-------
      Total |     317 |       4 |   1.2 |      70 |       1 |   1.4
            +---------+---------+-------+---------+---------+-------
        D:1 |      39 |       0 |   0.0 |      21 |       0 |   0.0
        D:2 |     122 |       4 |   3.2 |      34 |       1 |   2.9
        D:3 |     156 |       0 |   0.0 |      15 |       0 |   0.0
            +---------+---------+-------+---------+---------+-------
